 Dungeon Crawl Stone Soup version 0.27-a0-1136-g0b992a5a9d (webtiles) character file.

Game seed: 45646472976479617

4394 HoaS the Cruncher (level 10, -2/56 HPs)
             Began as a Gargoyle Gladiator on May 5, 2021.
             Shot with an arrow by a centaur (8 damage)
             ... on level 8 of the Dungeon.
             The game lasted 00:18:22 (7764 turns).

HoaS the Cruncher (Gargoyle Gladiator)              Turns: 7764, Time: 00:18:22

Health: -2/56      AC: 16    Str: 22    XL:     10   Next: 35%
Magic:  10/10      EV: 12    Int:  8    God:
Gold:   443        SH:  0    Dex: 11    Spells: 9/9 levels left

rFire    . . .     SeeInvis .   a - +3 quarterstaff
rCold    . . .     Faith    .   (shield currently unavailable)
rNeg     + . .     Spirit   .   d - +0 steam dragon scales
rPois    ∞         Reflect  .   c - +1 helmet
rElec    +         Harm     .   b - +0 cloak
rCorr    .         Rampage  .   f - +0 pair of gloves
Will     .....                  (no boots)
Stlth    +.........             (no amulet)
HPRegen  0.18/turn              (no ring)
MPRegen  0.12/turn              (no ring)

@: mighty
A: sickness immunity, AC +7, negative energy resistance 1, electricity
resistance, torment resistance 1, unbreathing 1, petrification resistance
a: no special abilities


You were on level 8 of the Dungeon.
You visited 2 branches of the dungeon, and saw 9 of its levels.
You also visited: Sewer and Ossuary.

You collected 443 gold pieces.

Inventory:

Hand Weapons
 a - a +3 quarterstaff (weapon)
Missiles
 e - 86 arrows
 h - a throwing net (quivered)
 l - 29 poisoned darts
 o - 22 bolts
 v - 4 boomerangs
Armour
 b - a +0 cloak (worn)
 c - a +1 helmet (worn)
 d - +0 steam dragon scales (worn)
 f - a +0 pair of gloves (worn)
 q - a +0 plate armour
Scrolls
 j - 6 scrolls of teleportation
 m - 2 scrolls of fear
 p - a scroll of noise
 y - 3 scrolls of magic mapping
Potions
 g - 2 potions of haste
 i - a potion of invisibility
 k - 3 potions of curing
 n - a potion of lignification {unknown}
 r - 2 potions of cancellation
 t - 2 potions of flight
 u - a potion of ambrosia {unknown}
 w - a potion of experience {unknown}
 x - a potion of resistance {unknown}


   Skills:
 * Level 3.6 Fighting
 - Level 14.0 Staves
 - Level 1.7 Throwing
 + Level 1.7 Armour
 + Level 2.9 Dodging


You had 9 spell levels left.
You didn't know any spells.
Your spell library was empty.

Dungeon Overview and Level Annotations

Branches:
Dungeon (8/15)             Temple (1/1) D:6           Sewer (visited)
Ossuary (visited)
   Lair: D:8-11

Altars:
Ashenzari
Cheibriados
Dithmenos
Elyvilon
Fedhas
Gozag
Kikubaaqudgha
Makhleb
Nemelex Xobeh
Trog
Uskayaw
Vehumet
Wu Jian
Xom
Yredelemnul
The Shining One


Innate Abilities, Weirdness & Mutations

You are immune to sickness and miasma.
Your stone body is resilient. (AC +7)
You are immune to poison.
You resist negative energy. (rN+)
You are resistant to electric shocks. (rElec)
You are resistant to unholy torment.
You can survive without breathing.
You are immune to petrification.


Message History

The orc warrior hits you with a +0 long sword.
The orc wizard barely misses you.
You hit the orc warrior.
The orc warrior is moderately wounded.
You hear some strange, mumbled words.
Something tries to affect you, but you resist.
The centaur shoots an arrow.
The arrow hits you.
You barely miss the orc warrior.
The orc warrior is moderately wounded.
The orc warrior hits you but does no damage.
The orc wizard casts a spell at you. The puff of flame hits you!
* * * LOW HITPOINT WARNING * * *
You hit the orc warrior.
The orc warrior is heavily wounded.
Something hits you but does no damage.
The orc warrior hits you but does no damage.
You closely miss the orc warrior.
The orc warrior is heavily wounded.
The centaur shoots an arrow.
The arrow hits you but does no damage.
The orc wizard hits you but does no damage.
You barely miss the orc warrior.
The orc warrior is heavily wounded.
The centaur shoots an arrow.
The arrow barely misses you. Something hits you.
* * * LOW HITPOINT WARNING * * *
The orc warrior hits you but does no damage.
The orc wizard gestures at you while chanting.
The puff of flame hits you!
* * * LOW HITPOINT WARNING * * *
You sock the orc warrior!
The orc warrior is almost dead.
Something hits you but does no damage.
You sock the orc warrior!
You kill the orc warrior!
The orc wizard points at you and mumbles some strange words.
The puff of flame hits you.
* * * LOW HITPOINT WARNING * * *
You feel very mighty all of a sudden.
The centaur shoots an arrow.
The arrow hits you!
You die...

#......####^## #
#..##........
##.#....<###...
#..#........#
#...........#
##.........##
.#.......c...##
......?........#
#......{@)####.#
#++##...o## ...
####.. ## ##..
... .... .....
...... .#


You could see a centaur and an orc wizard.

Vanquished Creatures
  Sigmund (D:2)
  Eustachio (D:5)
  A steam dragon (D:7)
  Menkaure (D:6)
  2 water moccasins
  2 orc warriors
  3 sky beasts
  An ice beast (D:7)
  A black bear (D:7)
  A hornet zombie (D:6)
  4 ogres
  7 necrophages
  A phantom (D:5)
  6 kobold brigands (Sewer)
  2 scorpions
  A wyvern zombie (D:7)
  A wight (D:4)
  A howler monkey (D:5)
  3 centaur zombies
  A quasit (D:6)
  A bullfrog zombie (D:6)
  A jelly (D:5)
  3 orc priests
  Crazy Yiuf (D:6)
  2 gnoll shamans
  3 hounds
  A human zombie (D:4)
  A centaur skeleton (D:6)
  An iguana (D:5)
  4 hound zombies
  14 mummies
  Robin (D:3)
  A howler monkey skeleton (D:7)
  11 gnolls
  8 adders
  2 river rats (Sewer)
  3 shadow imps
  A white imp (D:6)
  2 adder zombies (D:4)
  6 worms
  3 dart slugs
  17 orcs
  8 bats
  7 endoplasms
  2 giant cockroaches
  16 goblins
  8 hobgoblins
  10 jackals
  5 quokkas
  11 ball pythons
  4 frilled lizards
  3 gnoll skeletons (Ossuary)
  4 goblin skeletons
  A goblin zombie (D:6)
  2 hobgoblin zombies (D:6)
  7 kobolds
  A kobold skeleton (Ossuary)
  4 kobold zombies (D:6)
  2 orc skeletons
  10 rats
  11 rat skeletons (Ossuary)
244 creatures vanquished.

Vanquished Creatures (others)
  A plant (D:3)
1 creature vanquished.

Grand Total: 245 creatures vanquished

Notes
Turn   | Place    | Note
-------+----------+-------------------------------------------
     0 | D:1      | HoaS the Gargoyle Gladiator began the quest for the Orb.
     0 | D:1      | Reached XP level 1. HP: 12/12 MP: 1/1
   182 | D:1      | Reached XP level 2. HP: 17/17 MP: 2/2
   666 | D:1      | Reached skill level 4 in Staves
   670 | D:1      | Reached XP level 3. HP: 17/21 MP: 3/3
   989 | D:1      | Found a faded altar of an unknown god.
  1140 | D:2      | Reached XP level 4. HP: 25/26 MP: 4/4
  1211 | D:2      | Noticed Sigmund
  1331 | D:2      | Killed Sigmund
  1332 | D:2      | Reached skill level 6 in Staves
  1332 | D:2      | Reached XP level 5. HP: 7/30 MP: 5/5
  1608 | D:2      | Reached XP level 6. HP: 35/35 MP: 6/6
  2255 | D:3      | Noticed Robin
  2258 | D:3      | Killed Robin
  2287 | D:3      | Reached skill level 7 in Staves
  2450 | D:3      | Found a broken altar of Ashenzari.
  2493 | D:3      | Found an opulent altar of Gozag.
  2911 | D:4      | Reached XP level 7. HP: 34/40 MP: 7/7
  2916 | D:4      | Found a glowing drain.
  2957 | Sewer    | Entered a sewer
  3232 | Sewer    | Reached skill level 8 in Staves
  3551 | Sewer    | Reached skill level 9 in Staves
  3583 | Sewer    | Reached XP level 8. HP: 28/44 MP: 8/8
  4137 | D:4      | Found a basalt altar of Yredelemnul.
  4166 | D:4      | Reached skill level 10 in Staves
  4454 | D:4      | Reached skill level 11 in Staves
  4551 | D:5      | Entered Level 5 of the Dungeon
  4799 | D:5      | Reached XP level 9. HP: 48/48 MP: 9/9
  5028 | D:5      | Identified the +0 leather armour of the Echidna {-Cast
                  | rPois rN+}
  5053 | D:5      | Found a shadowy altar of Dithmenos.
  5176 | D:5      | Reached skill level 12 in Staves
  5179 | D:5      | Noticed Eustachio
  5237 | D:5      | Killed Eustachio
  5739 | D:6      | Found a staircase to the Ecumenical Temple.
  5744 | D:6      | You fall into a shaft and drop 2 floors!
  5844 | D:7      | Reached skill level 13 in Staves
  5869 | D:7      | Found a sand-covered staircase.
  5875 | Ossuary  | Entered an ossuary
  6276 | Temple   | Entered the Ecumenical Temple
  6564 | D:6      | Noticed Menkaure
  6578 | D:6      | Killed Menkaure
  6579 | D:6      | Reached XP level 10. HP: 53/53 MP: 10/10
  6608 | D:6      | Found a glowing golden altar of the Shining One.
  6789 | D:6      | Found a runed translucent door.
  6790 | D:6      | Noticed Crazy Yiuf
  7053 | D:6      | Found a blossoming altar of Fedhas.
  7125 | D:6      | Killed Crazy Yiuf
  7192 | D:7      | Reached skill level 14 in Staves
  7301 | D:7      | Reached skill level 1 in Armour
  7764 | D:8      | Shot with an arrow by a centaur

Illustrated notes

Levels and vault maps discovered:
D:1:      minmay_arrival_diagonal_passages, layout_basic,
          chequers_ecumenical_altar_simple_redux
D:2:      layout_loops_cross, st_stairs_7, uniq_sigmund
D:3:      layout_rooms, lemuel_doored_altar, grunt_gozag_statues,
          chequers_big_river, uniq_robin
D:4:      layout_gridville, lemuel_mausoleum_altar_yredelemnul,
          cheibrodos_sewer_entry_bend
D:5:      layout_rooms, overflow_temple_1_default, uniq_eustachio
D:6:      layout_rooms, nicolae_tso_besieged_by_evil,
          nicolae_overflow_hidden_temple, minmay_temple_entry_grid,
          uniq_menkaure, uniq_crazy_yiuf_cottage
D:7:      layout_cave_pools, nicolae_ossuary_entry_plus
D:8:      layout_cave_pools, nicolae_hepliaklqana_ecumenical_no_more,
          lemuel_tele_altar, st_stairs_13, kennysheep_generic_room_3
Temple:   jpeg_temple_alley_garden

Skill      XL: |  1  2  3  4  5  6  7  8  9 10 |
---------------+-------------------------------+-----
Staves         | 4 6 7 9 11 13 14 | 14.0
Armour         | 1 |  1.7
Fighting       | 3 |  3.6
Throwing       | |  1.7
Dodging        | |  2.9

Action                   |  1- 3 |  4- 6 |  7- 9 | 10-12 || total
-------------------------+-------+-------+-------+-------++-------
Melee: Quarterstaff      |   104 |   202 |   599 |   147 ||  1052
Throw: Throwing net      |       |     3 |     3 |       ||     6
  Use: Scroll            |       |     5 |    11 |     4 ||    20
       Potion            |       |       |       |     1 ||     1
 Stab: Held in net/web   |       |       |     3 |       ||     3
       Invisible         |       |       |       |     2 ||     2
Armor: Leather armour    |    18 |       |       |       ||    18
       Scale mail        |    37 |   119 |   132 |       ||   288
       Plate armour      |       |       |   188 |       ||   188
       Steam dragon scal |       |       |       |    59 ||    59
Dodge: Dodged            |    62 |   109 |   222 |    41 ||   434

Table legend: (Time is in decaauts)
 A = Elapsed time spent in this place.
 B = Non-inter-level travel time spent in this place.
 C = Inter-level travel time spent in this place.
 D = Time resting spent in this place.
 E = Time spent auto-exploring this place.
 F = Levels seen in this place.
 G = Mean time per level.
                   A        B        C        D        E       F      G
               +--------+--------+--------+--------+--------+-----+--------+
         Total |   7740 |   7230 |    510 |   1410 |   3931 |  11 |  703.6 |
       Dungeon |   6311 |   5866 |    445 |   1321 |   3092 |   8 |  788.9 |
        Temple |    250 |    185 |     65 |      0 |    180 |   1 |  250.0 |
         Sewer |    853 |    853 |      0 |     89 |    493 |   1 |  853.0 |
       Ossuary |    325 |    325 |      0 |      0 |    166 |   1 |  325.0 |
               +--------+--------+--------+--------+--------+-----+--------+

Top non-repeatable levels by time:
     D:4: 1145 daAuts
     D:5: 1075 daAuts
     D:2: 1065 daAuts
     D:1: 1032 daAuts
   Sewer: 853 daAuts
     D:6: 781 daAuts
     D:3: 590 daAuts
     D:7: 555 daAuts
 Ossuary: 325 daAuts
  Temple: 250 daAuts
     D:8: 64 daAuts
